cohdb
Replays
Latest Replays
All Replays
Popular Replays
Top Player Replays
Match Explorer
How It Works
Community
CoH3 Stats
Reddit
Sign in to upload your games and track your stats! →
Sign in with Steam
Match 39103667
Unlisted
Match 39103667
Overview
Messages
Build Orders
End
Kettenkrad Recon Vehicle
Construct Infanterie Kompanie
MG 42 Machine Gun Team
Grenadier Squad
Grenadier Squad
Construct Luftwaffe Kompanie
Support Elements
221 Scout Car
Jäger Squad
Selects Italian Coastal Battlegroup
Selects Support Bunkers
Wirbelwind Flakpanzer
Jäger Squad
Jäger Squad
Wirbelwind Flakpanzer
NO Problem Old Tie
vincent
Genocide OPS
斜阳淡淡柳阴阴
H404.CatfishLover
娜迦的马可
Crazybug
-BumbleBEE-
0
0
Comments
sign in to comment!
No comments posted yet!